AoeStats
← 极地沙尘暴

Arabia

507457021Analyzed
1v1 RM · 14d ago on Sep 18, 2026· 42m 47s· 2 players
Game mode
Random Map
Map size
Tiny (2 player)
Population
200
Speed
Normal
Resources
Standard
Victory
Conquest
Starting age
Dark Age
Ending age
Imperial Age
RankedLock teamsTeams togetherTeam positionsShared explorationLock speedFull tech treeHidden civsTurbo modeCheats
Victory
Defeat
🇳🇴 Malians · Norway
1488
+17
🇨🇳 Malay · China
1503
-17
Option
6:58 Loom
9:17 Feudal Age
12:39 Double-Bit Axe
15:41 Fletching
21:24 Castle Age
19:09 Horse Collar
20:25 Gold Mining
22:02 Bodkin Arrow
21:28 Crossbowman
23:14 Bow Saw
24:11 Wheelbarrow
24:37 Heavy Plow
26:10 Padded Archer Armor
30:12 Hand Cart
29:53 Town Watch
31:03 Ballistics
35:21 Imperial Age
34:25 Thumb Ring
37:17 Chemistry
36:16 Arbalester
37:53 Bloodlines
37:44 Husbandry
38:55 Scale Barding Armor
39:29 Conscription
40:34 Chain Barding Armor
40:19 Cavalier
42:26 Plate Barding Armor
43:33 Forging
极地沙尘暴
7:33 Loom
9:55 Feudal Age
9:53 Double-Bit Axe
10:34 Town Watch
17:34 Fletching
20:54 Castle Age
20:18 Padded Archer Armor
21:09 Bow Saw
21:38 Bodkin Arrow
24:54 Scale Barding Armor
25:00 Elite Skirmisher
26:37 Wheelbarrow
28:35 Horse Collar
30:16 Wheelbarrow
32:18 Squires
32:44 Hand Cart
37:59 Imperial Age
38:55 Chemistry
38:15 Ballistics
38:25 Leather Archer Armor
38:10 Bracer
38:51 Conscription
39:59 Bracer
42:30 Ring Archer Armor
Connection lost

Rejoining the realm…

Still unreachable

The connection could not be restored.

Session expired

The server has moved on; the page needs a fresh start.